 Dungeon Crawl Stone Soup version bcrawl-1.38.2 (webtiles) character file.

Game seed: 13363392967105500306

115112 Gergoth the Magician (level 5, 0/39 HPs)
             Began as a Mummy Wizard on Apr 7, 2023.
             Slain by a bullfrog (3 damage)
             ... on level 2 of the Dungeon on May 1, 2023.
             The game lasted 00:16:32 (3981 turns).

Gergoth the Magician (Mummy Wizard)                 Turns: 3981, Time: 00:16:32

Health: 0/39       AC:  2    Str: 10    XL:     5   Next: 52%
Magic:  2/13       EV: 12    Int: 18    God:
Gold:   152        SH:  0    Dex: 11    Spells: 9/15 levels left

rFire    x . .     GDR:     24% a - +0 staff
rCold    + . .     SeeInvis .   (no shield)
rNeg     + + +     Gourm    .   b - +0 robe
rPois    ∞         Faith    .   c - +0 hat
rElec    .         Spirit   .   (no cloak)
rCorr    .         Reflect  .   (no gloves)
MR       .....     Clarity  +   (no boots)
Stlth    ++........             (no amulet)
HPRegen  0.16/turn              (no ring)
MPRegen  0.13/turn              (no ring)

@: no status effects
A: no food or potions, fire vulnerability, clarity, cold resistance 1, negative
energy resistance 3, torment resistance, unbreathing, strong hexes 1
a: no special abilities


You were on level 2 of the Dungeon.
You were not hungry.

You visited 1 branch of the dungeon, and saw 3 of its levels.

You collected 152 gold pieces.

Inventory:

Hand Weapons
 a - a +0 staff (weapon)
Missiles
 e - a throwing net {=f}
 k - 352 poisoned tomahawks (quivered)
 n - 216 bolts
 o - 91 poisoned needles
Armour
 b - a +0 robe (worn)
 c - a +0 hat (worn)
Scrolls
 d - 2 scrolls of magic mapping {unknown}
 f - 3 scrolls of teleportation
 g - a scroll of remove curse
 h - 2 scrolls of blinking {unknown}
 i - 2 scrolls of identify
 j - 3 scrolls of immolation {unknown}
 l - 2 scrolls of amnesia {unknown}
 m - a scroll of fog {unknown}


   Skills:
 + Level 2.3 Fighting
 + Level 0.8 Armour
 - Level 1.5 Dodging
 - Level 2.1 Stealth
 + Level 5.9 Spellcasting
 - Level 2.0 Conjurations
 + Level 1.2 Summonings
   Level 0.7 Translocations


You had 9 spell levels left.
You knew the following spells:

 Your Spells              Type           Power        Failure   Level  Hunger
a - Magic Dart            Conj           ##..         5%          1    N/A
b - Conjure Flame         Conj/Fire      #.......     24%         3    N/A
c - Call Imp              Summ           #.....       11%         2    N/A

Your spell library contained the following spells:

 Spells                   Type           Power        Failure   Level  Hunger
 Blink                    Tloc           N/A          14%         2    N/A
 Mephitic Cloud           Conj/Pois/Air  #.......     28%         3    N/A
 Spider Form              Tmut/Pois      Unusable     N/A         3    N/A

Dungeon Overview and Level Annotations

Branches:
Dungeon (3/12)

Altars:


Innate Abilities, Weirdness & Mutations

You do not eat or drink.
Your flesh is vulnerable to fire.
You are immune to poison.
You possess an exceptional clarity of mind.
Your flesh is cold resistant. (rC+)
You are immune to negative energy. (rN+++)
You are immune to unholy pain and torment.
You can survive without breathing.
Your hexes are more powerful.


Message History

The bullfrog closely misses you. The bullfrog closely misses you.
The bullfrog closely misses you. The bullfrog closely misses you.
The bullfrog barely misses you. The bullfrog misses you.
The bullfrog closely misses you.
There is a stone staircase leading up here.
The bullfrog misses you. The bullfrog hits you!
Your magical contamination has completely faded away.
A rune on the stairs sparks and fizzles.
You climb upwards.
There is a stone staircase leading down here.
The bullfrog hits you!
* * * LOW HITPOINT WARNING * * *
Casting: Conjure Flame (safe; 24% risk of failure)
Confirm with . or Enter, or press ? or * to list all spells.
A beastly little devil appears in a puff of flame.
The bullfrog barely misses you. The bullfrog hits you.
You die...

#.# #.###### #.#
#....... #.# #########
#.# #........ #>#
#.####### #.# #.#.# #.#
#.#.# ##############F#
#.#.# #...........5@.#
#.#.#####
##.#############
#.#...... #.# #.#######
#.# #.# #.# #.# #.# #.#
#.# #.# #.# #.#
#†###################.#


You could see a bullfrog and a friendly crimson imp.

Vanquished Creatures
  An orc priest (D:3)
  6 adders (D:3)
  2 oozes (D:2)
  5 dart slugs
  5 leopard geckos
  5 orcs (D:3)
  3 giant cockroaches (D:1)
  5 goblins
  14 hobgoblins
  9 jackals
  12 bats
  3 frilled lizards (D:1)
  6 kobolds
  A quokka skeleton (D:3)
  3 rats
80 creatures vanquished.

Vanquished Creatures (collateral kills)
  A worm (D:3)
  An orc (D:3)
2 creatures vanquished.

Grand Total: 82 creatures vanquished

Notes
Turn   | Place    | Note
-------+----------+-------------------------------------------
     0 | D:1      | Gergoth the Mummy Wizard began the quest for the Orb.
     0 | D:1      | Reached XP level 1. HP: 13/13 MP: 5/5
    61 | D:1      | Reached skill level 1 in Conjurations
   313 | D:1      | Reached XP level 2. HP: 17/19 MP: 2/7
   881 | D:1      | Reached XP level 3. HP: 20/24 MP: 2/9
  1335 | D:2      | Reached skill level 5 in Spellcasting
  2172 | D:2      | Reached skill level 1 in Fighting
  2172 | D:2      | Reached XP level 4. HP: 27/32 MP: 1/11
  2524 | D:2      | Learned a level 3 spell: Conjure Flame
  2524 | D:2      | Upgraded the game from bcrawl-1.38.1 to bcrawl-1.38.2
  3178 | D:2      | Learned a level 2 spell: Call Imp
  3326 | D:3      | Reached XP level 5. HP: 38/38 MP: 5/13
  3499 | D:3      | Reached skill level 1 in Summonings
  3502 | D:3      | Noticed a sky beast
  3981 | D:2      | Slain by a bullfrog

Skill      XL: |  1  2  3  4  5 |
---------------+----------------+-----
Conjurations   | 1 2 |  2.0
Spellcasting   | 5 |  5.9
Fighting       | 1 2 |  2.3
Summonings     | 1 |  1.2
Armour         | |  0.8
Dodging        | |  1.5
Stealth        | |  2.1
Translocations | |  0.7

Action                   |  1- 3 |  4- 6 || total
-------------------------+-------+-------++-------
Melee: Staff             |    26 |    29 ||    55
 Cast: Magic Dart        |   136 |   107 ||   243
       Call Imp          |       |    13 ||    13
  Use: Scroll            |     2 |       ||     2
Armor: Robe              |    12 |     7 ||    19
Dodge: Dodged            |    59 |    61 ||   120
